 Dungeon Crawl Stone Soup version 0.16-a0-3458-g6d2551d (webtiles) character file.

501 NewYearsCrawler the Chopper (level 7, 0/53 HPs)
             Began as a Formicid Fighter on Jan 1, 2015.
             Was an Initiate of Okawaru.
             Killed from afar by a white imp (2 damage)
             ... with a puff of frost
             ... summoned by Eustachio
             ... on level 4 of the Dungeon.
             The game lasted 00:06:05 (3257 turns).

NewYearsCrawler the Chopper (Formicid Fighter)      Turns: 3257, Time: 00:06:07

Health: 0/53       AC: 11    Str: 22    XL:     7   Next: 40%
Magic:  9/9        EV:  9    Int:  8    God:    Okawaru [......]
Gold:   207        SH: 10    Dex: 10    Spells: 0 memorised, 6 levels left

rFire  . . .     SeeInvis +     a - +0 war axe
rCold  . . .     Clarity  .     w - +2 scale mail {rN+}
rNeg   + . .     SustAb   .     c - +0 shield
rPois  .         Gourm    +     (helmet unavailable)
rElec  .         Spirit   .     (no cloak)
rCorr  .         Warding  .     l - +0 pair of gloves
rMut   .         Stasis   +     t - +0 pair of boots
MR     .....                    v - amulet of the gourmand
Stlth  ..........               (no ring)
                                (no ring)

@: lethally poisoned, not resistant to hostile enchantments, extremely
unstealthy
A: permanent stasis, dig shafts and tunnels, four strong arms, antennae 3
a: Dig, Shaft Self, Renounce Religion


You were on level 4 of the Dungeon.
You worshipped Okawaru.
Okawaru was noncommittal.
You were completely stuffed.

You visited 1 branch of the dungeon, and saw 4 of its levels.

You collected 207 gold pieces.

Inventory:

Hand weapons
 a - a +0 war axe (weapon)
Missiles
 r - 4 tomahawks (quivered)
Armour
 c - a +0 shield (worn)
 l - a +0 pair of gloves (worn)
 t - a +0 pair of boots (worn)
 w - a +2 scale mail of positive energy (worn)
Jewellery
 q - an uncursed ring of flight
 v - an amulet of the gourmand (around neck)
Scrolls
 f - 3 scrolls of remove curse {unknown}
 g - a scroll of blinking {unknown}
 h - 2 scrolls of identify {unknown}
 i - 2 scrolls of recharging {unknown}
 m - a scroll of teleportation {unknown}
 n - a scroll of amnesia {unknown}
 u - 3 scrolls of enchant weapon {unknown}
Potions
 e - 2 potions of might
 k - 2 potions of lignification
Comestibles
 d - 2 bread rations
 j - 3 meat rations
 o - a fruit
 s - 2 beef jerkies


   Skills:
 - Level 3.8 Fighting
 * Level 5.5 Axes
 - Level 4.5 Armour
 - Level 1.5 Dodging
 - Level 0.6 Stealth
 - Level 5.1 Shields


You had 6 spell levels left.
You didn't know any spells.

Dungeon Overview and Level Annotations

Branches:
Dungeon (4/15)
 Temple: D:4-7

Altars:
Okawaru
Vehumet

Annotations:
D:4 Eustachio


Innate Abilities, Weirdness & Mutations

You are under a permanent stasis effect.
You can dig through walls and to a lower floor.
Your four strong arms can wield two-handed weapons with a shield.
You have a pair of large antennae on your head (SInv).


Message History

There is a lethal amount of poison in your body!
There is a lethal amount of poison in your body!
There is a lethal amount of poison in your body!
There is a lethal amount of poison in your body!
You are too injured to fight recklessly!
You are too injured to fight recklessly!
Unknown command.
* * * LOW HITPOINT WARNING * * *
You feel sick.
The white imp disappears in a puff of smoke!
* * * LOW HITPOINT WARNING * * *
You feel sick.
Eustachio gestures wildly while chanting.
You slash the white imp!
The white imp is almost dead.
* * * LOW HITPOINT WARNING * * *
You feel sick. The white imp gestures at you. The puff of frost hits you!
You die...

.........#.......#..... .
..........#.......'.... ....
..........'......##... .....
...........#......###'#
................#######+##...##.
.....##...###...##{.....##.......
..... #...####'###.5....#........
... #.....#....#......'........
'######.....#...@5@.....#........
............'....#......#........
...........##...##......#........
.....##....##'####.......)..## #
..)..##....##...###########..####
..(..##.....#....# #.{...#.
...(.##.....#....# #..{5%#.
....(.......+..[.# #.....'.
.....)))....#...## ##.##.##


You could see Eustachio, a crimson imp and a white imp.

Vanquished Creatures
  The ghost of NewYearsCrawler the Chopper, an average FoFi (D:3)
  2 scorpions (D:4)
  An iguana (D:4)
  An orc wizard (D:3)
  A worker ant (D:4)
  8 gnolls
  4 adders
  4 giant mites
  A worm (D:2)
  An ooze (D:2)
  14 orcs
  2 ball pythons
  5 bats
  5 goblins
  6 hobgoblins
  11 jackals
  A quokka (D:3)
  A giant cockroach (D:3)
  2 giant geckos
  2 giant newts
  9 kobolds
  14 rats
96 creatures vanquished.

Notes
Turn   | Place    | Note
--------------------------------------------------------------
     0 | D:1      | NewYearsCrawler, the Formicid Fighter, began the quest for the Orb.
     0 | D:1      | Reached XP level 1. HP: 18/18 MP: 1/1
    89 | D:1      | Reached XP level 2. HP: 24/24 MP: 3/3
   207 | D:1      | Reached skill level 4 in Shields
   513 | D:1      | Reached XP level 3. HP: 21/29 MP: 4/4
   820 | D:2      | Reached XP level 4. HP: 35/35 MP: 5/5
   918 | D:2      | Found a radiant altar of Vehumet.
   948 | D:2      | Reached skill level 1 in Dodging
  1714 | D:3      | Reached XP level 5. HP: 37/42 MP: 7/7
  1785 | D:3      | Found an iron altar of Okawaru.
  1834 | D:3      | Noticed NewYearsCrawler's ghost (average FoFi)
  1873 | D:3      | Killed NewYearsCrawler's ghost
  1873 | D:3      | Reached skill level 5 in Shields
  1873 | D:3      | Reached XP level 6. HP: 46/48 MP: 8/8
  1914 | D:3      | Became a worshipper of Warmaster Okawaru
  2858 | D:4      | Reached XP level 7. HP: 32/53 MP: 9/9
  2859 | D:4      | Reached skill level 5 in Axes
  3224 | D:4      | Noticed Eustachio
  3257 | D:4      | HP: 2/53 [poisoned by Eustachio]
  3257 | D:4      | Killed from afar by a white imp

Action                   |  1- 3 |  4- 6 |  7- 9 || total
-------------------------+-------+-------+-------++-------
Melee: War axe           |    69 |   224 |    36 ||   329
 Abil: Dig               |       |     2 |       ||     2
  Use: Potion            |       |     6 |     2 ||     8
  Eat: Chunk             |       |    15 |     1 ||    16
       Fruit             |       |       |     1 ||     1
